 Dungeon Crawl Stone Soup version 0.26.0-10-g1f06aea511 (webtiles) character file.

Game seed: 3427420592073009330

585 EnegeticOcto the Cleaver (level 7, 43/61 HPs)
             Began as a Deep Dwarf Delver on Jan 14, 2021.
             Was an Initiate of Okawaru.
             Quit the game on level 6 of the Dungeon.
             The game lasted 00:02:29 (384 turns).

EnegeticOcto the Cleaver (Deep Dwarf Delver)         Turns: 384, Time: 00:02:30

Health: 43/61      AC:  3    Str: 17    XL:     7   Next: 14%
Magic:  6/6        EV: 12    Int: 11    God:    Okawaru [......]
Gold:   17         SH:  0    Dex: 14    Spells: 6/6 levels left

rFire    . . .     SeeInvis .   i - +0 war axe
rCold    . . .     Faith    .   (no shield)
rNeg     . . .     Spirit   .   b - +0 leather armour
rPois    .         Reflect  .   (no helmet)
rElec    .         Harm     .   (no cloak)
rCorr    .         Rampage  .   (no gloves)
Will     +....                  (no boots)
Stlth    +++.......             (no amulet)
HPRegen  0.00/turn              (no ring)
MPRegen  0.10/turn              (no ring)

@: non-regenerating
A: damage resistance, heal wounds, sense surroundings 1, no regeneration
a: Heal Wounds, Renounce Religion


You were on level 6 of the Dungeon.
You worshipped Okawaru.
Okawaru was noncommittal.
You visited 2 branches of the dungeon, and saw 3 of its levels.

You collected 17 gold pieces.

Inventory:

Hand Weapons
 a - a +0 hand axe
 i - a +0 war axe (weapon)
Missiles
 k - a throwing net
Armour
 b - a +0 leather armour (worn)
Wands
 g - a wand of digging (7) {@v3}
Scrolls
 c - a scroll of fog
 e - 2 scrolls of fear
 h - a scroll of immolation {unknown}
 j - a scroll of remove curse {unknown}
Potions
 f - a potion of haste {@q4}


   Skills:
 - Level 2.6 Fighting
 + Level 8.7 Axes
 - Level 2.1 Dodging
 - Level 6.0 Stealth


You had 6 spell levels left.
You didn't know any spells.
Your spell library was empty.

Dungeon Overview and Level Annotations

Branches:
Dungeon (6/15)             Temple (1/1) D:5

Altars:
Cheibriados
Elyvilon
Gozag
Hepliaklqana
Okawaru
Qazlal
Sif Muna
Trog
The Shining One


Innate Abilities, Weirdness & Mutations

You are resistant to damage.
You can heal yourself by infusing magical energy.
You passively map a small area around you.
You do not regenerate.


Message History

The worker ant zombie is severely damaged.
The worker ant zombie misses you.
You slash the worker ant zombie!
You destroy the worker ant zombie!
A worker ant comes into view.
The worker ant waves its antennae.
You see here a scorpion corpse.
A worker ant comes into view.
The worker ant misses you.
Found 25 stones.
You barely miss the worker ant. The worker ant bites you.
You slash the worker ant!
The worker ant is heavily wounded.
The worker ant barely misses you.
You hit the worker ant but do no damage.
The worker ant is heavily wounded.
The worker ant barely misses you.
The worker ant bites you but does no damage.
The worker ant bites you.
You are more poisoned.
The worker ant poisons you!
Found 14 stones.
Found a staircase to the Ecumenical Temple.
The worker ant closely misses you. The worker ant bites you.
The worker ant closely misses you. The worker ant barely misses you.
There is a dry fountain here.
You closely miss the worker ant.
The worker ant is heavily wounded.
You slash the worker ant! The worker ant misses you.
The worker ant barely misses you.
The worker ant bites you but does no damage.
You closely miss the worker ant.
The worker ant is heavily wounded.
You hit the worker ant but do no damage.
The worker ant bites you. The worker ant barely misses you.
You closely miss the worker ant.
The worker ant is heavily wounded.
You slash the worker ant!
You kill the worker ant!
The worker ant bites you.
You hit the worker ant.
The worker ant is heavily wounded.
The worker ant bites you. x2
You hit the worker ant.
The worker ant is severely wounded.
The worker ant bites you.
You are more poisoned.
The worker ant poisons you!
You hit the worker ant.
The worker ant is almost dead.
The worker ant bites you.
You are too injured to fight recklessly!
You are too injured to fight recklessly!
You are too injured to fight recklessly!
You are too injured to fight recklessly!
You are too injured to fight recklessly!
You are too injured to fight recklessly!
You are too injured to fight recklessly!
You are too injured to fight recklessly!
You are too injured to fight recklessly!
You hit the worker ant.
The worker ant is almost dead.
The worker ant bites you but does no damage.
You feel much better. The worker ant misses you. x2
You hit the worker ant.
You kill the worker ant!
No target in view!
No target in view!
No target in view!
No target in view!
No target in view!
There is a staircase to the Ecumenical Temple here.
You climb downwards.
Welcome to the Ecumenical Temple!
Found two altars.
There is a staircase back to the Dungeon here.
Found an iron altar of Okawaru.
Found a snail-covered altar of Cheibriados.
Found a stormy altar of Qazlal.
Found a white marble altar of Elyvilon.
You are no longer poisoned.
Found a shimmering blue altar of Sif Muna.
Found an opulent altar of Gozag.
Found a hazy altar of Hepliaklqana.
There is an iron altar of Okawaru here.
You kneel at the altar of Okawaru.
Okawaru welcomes you!
There is a staircase back to the Dungeon here.
You climb upwards.
There is a staircase to the Ecumenical Temple here.
(D) Dungeon (T) Temple
Where to? (? - help)
There is a stone staircase leading down here.
You climb downwards.
There is a stone staircase leading up here.
There are monsters nearby!
Evoke which item? (* to show all) (? for menu, Esc to quit)
Okay, then.
Okay, then.
Are you sure you want to abandon this character and quit the game? (Confirm with "yes".)

*,,,,,,,,* **,**
*,,,,,,,** *#...#
**,,,,,** ###....#
*,**,,* ##......##
*,*****##........#
****,* #.........#
***,,,,** ##.........#
,,,,,,*.**##..........#
,******#.##.....@.....#*
** *#..............#
*#....yYy.....##
##............#
#.....<.......#
#.............# **
#.............# ,*
#............## **
##../.....##.#


You could see an ice beast and 2 killer bees.

Vanquished Creatures
  An ogre (D:5)
  A centaur (D:5)
  A big kobold (D:5)
  A bullfrog (D:5)
  A scorpion (D:5)
  A killer bee (D:5)
  A bullfrog skeleton (D:5)
  An orc priest (D:5)
  An orc wizard (D:5)
  2 worker ants (D:5)
  A worker ant zombie (D:5)
  3 gnolls (D:5)
  An adder (D:5)
  A leopard gecko (D:5)
  3 orcs (D:5)
  A giant cockroach (D:5)
  A ball python (D:5)
  20 kobolds (D:5)
  A quokka zombie (D:5)
43 creatures vanquished.

Vanquished Creatures (others)
  8 plants (D:5)
8 creatures vanquished.

Grand Total: 51 creatures vanquished

Notes
Turn   | Place    | Note
-------+----------+-------------------------------------------
     0 | D:5      | EnegeticOcto the Deep Dwarf Delver began the quest for the
                  | Orb.
     0 | D:5      | Reached XP level 1. HP: 20/20 MP: 1/1
    16 | D:5      | Noticed an orc priest
    17 | D:5      | Noticed an orc wizard
    47 | D:5      | Killed an orc priest
    48 | D:5      | Reached skill level 3 in Axes
    48 | D:5      | Reached XP level 2. HP: 20/27 MP: 2/2
    48 | D:5      | Reached XP level 3. HP: 24/33 MP: 3/3
    50 | D:5      | Reached skill level 4 in Axes
   102 | D:5      | Reached skill level 5 in Axes
   102 | D:5      | Reached XP level 4. HP: 28/40 MP: 4/4
   108 | D:5      | Noticed a bullfrog
   117 | D:5      | Noticed a big kobold
   126 | D:5      | Killed a bullfrog
   127 | D:5      | Reached skill level 6 in Axes
   127 | D:5      | Reached XP level 5. HP: 33/46 MP: 5/5
   170 | D:5      | Found a glowing golden altar of the Shining One.
   181 | D:5      | Noticed an ogre
   193 | D:5      | Killed an ogre
   194 | D:5      | Reached skill level 7 in Axes
   194 | D:5      | Reached XP level 6. HP: 49/55 MP: 5/5
   226 | D:6      | Noticed an ice beast
   256 | D:5      | Reached skill level 8 in Axes
   275 | D:5      | Reached XP level 7. HP: 20/61 MP: 6/6
   288 | D:5      | Found a staircase to the Ecumenical Temple.
   305 | Temple   | Entered the Ecumenical Temple
   356 | Temple   | Became a worshipper of Warmaster Okawaru
   384 | D:6      | Quit the game

Illustrated notes

Levels and vault maps discovered:
D:5:      kennysheep_kobold_camp, layout_loops_ring, yredelemnul_altar_generic,
          minmay_temple_entry_junction_2, basic_altar
D:6:      layout_cave_pods, basic_altar, lemuel_blue_sif_altar
Temple:   compressed_dpeg_triangle_lava_temple

Skill      XL: |  1  2  3  4  5  6 |
---------------+-------------------+-----
Axes           | 3 5 6 7 8 |  8.7
Fighting       | |  2.6
Dodging        | |  2.1
Stealth        | |  6.0

Action                   |  1- 3 |  4- 6 |  7- 9 || total
-------------------------+-------+-------+-------++-------
Melee: Hand axe          |    46 |    32 |       ||    78
       War axe           |       |    51 |    17 ||    68
 Abil: Heal Wounds       |     3 |     9 |     2 ||    14
  Use: Scroll            |       |     2 |       ||     2
Armor: Leather armour    |     9 |    22 |     5 ||    36
Dodge: Dodged            |    47 |   116 |    16 ||   179
